 Dungeon Crawl Stone Soup version 0.19.0-2-gae57169 (webtiles) character file.

93817 Iskender the Dancer (level 16, 58/98 HPs)
             Began as a Tengu Wanderer on Nov 3, 2016.
             Was a Follower of Uskayaw.
             Quit the game on level 15 of the Dungeon.
             The game lasted 02:47:17 (20472 turns).

Iskender the Dancer (Tengu Wanderer)               Turns: 20472, Time: 02:47:17

Health: 58/98      AC:  6    Str: 11    XL:     16   Next: 9%
Magic:  16/27      EV: 40    Int: 13    God:    Uskayaw [*.....]
Gold:   929        SH:  6    Dex: 22    Spells: 5 memorised, 8 levels left

rFire  + . .     SeeInvis .     a - +8 demon blade (flame)
rCold  . . .     Gourm    .     o - +0 steam dragon scales
rNeg   . . .     Faith    .     M - +0 buckler {rF+}
rPois  .         Spirit   +     (helmet restricted)
rElec  .         Reflect  .     q - +0 cloak
rCorr  .         Harm     .     (no gloves)
MR     +....                    (boots unavailable)
Stlth  +++++.....               H - amulet of guardian spirit
                                y - +4 ring of evasion
                                G - +4 ring of evasion

@: flying quickly and evasively, repel missiles, quick
A: beak, talons 3, evolution 1, able to fly 2, sturdy frame 1
a: Stop Flying, Stomp, Renounce Religion


You were on level 15 of the Dungeon.
You worshipped Uskayaw.
Uskayaw was pleased with you.
You were not hungry.

You visited 4 branches of the dungeon, and saw 23 of its levels.
You visited the Abyss 1 time.

You collected 1697 gold pieces.
You spent 768 gold pieces at shops.

Inventory:

Hand Weapons
 a - a +8 demon blade of flaming (weapon)
 b - a +2 dagger of electrocution
Missiles
 u - 5 throwing nets (quivered)
 N - 7 silver javelins
 T - 12 javelins
Armour
 o - +0 steam dragon scales (worn)
 q - a +0 cloak (worn)
 I - the +4 ring mail of Xalosiri {MR+ Str+2}
   (You found it on level 11 of the Dungeon)

   It affects your strength (+2).
   It affects your resistance to hostile enchantments.
 M - a +0 buckler of fire resistance (worn)
Jewellery
 c - an uncursed ring of ice
 w - an uncursed ring of wizardry
 y - a +4 ring of evasion (right hand)
 G - a +4 ring of evasion (left hand)
 H - an amulet of guardian spirit (around neck)
 Q - an uncursed ring of positive energy
Wands
 e - a wand of digging (13/24)
 C - a wand of teleportation (4/9)
 E - a wand of paralysis (10/24)
 S - a wand of enslavement (17/24)
 V - a wand of disintegration (13/24)
 X - a wand of hasting (3/9)
Scrolls
 d - 7 scrolls of remove curse
 l - 3 scrolls of teleportation
 p - a scroll of summoning
 x - 2 scrolls of fear
 J - a scroll of fog
 L - 4 scrolls of blinking
 O - a scroll of recharging
 P - a scroll of torment
 U - 5 scrolls of magic mapping
Potions
 g - 2 potions of heal wounds
 i - 3 potions of might
 k - 2 potions of magic
 m - 4 potions of resistance
 n - 3 potions of curing
 t - 5 potions of brilliance
 z - 4 potions of agility
 D - a potion of invisibility
Miscellaneous
 W - a lamp of fire
Comestibles
 f - 16 bread rations
 h - 7 meat rations
 v - 7 beef jerkies


   Skills:
 - Level 10.5 Fighting
 - Level 14.1 Long Blades
 - Level 1.0 Throwing
 - Level 13.5 Dodging
 - Level 9.0 Stealth
 - Level 5.8 Shields
 - Level 2.0 Spellcasting
 + Level 3.7 Charms
 - Level 1.2 Summonings
 - Level 14.3 Invocations
 - Level 1.0 Evocations


You had 8 spell levels left.
You knew the following spells:

 Your Spells              Type           Power        Failure   Level  Hunger
b - Blink                 Tloc           N/A          38%         2    ###....
c - Call Imp              Summ           #.......     24%         2    ###....
g - Shroud of Golubria    Chrm/Tloc      #.........   21%         2    ###....
r - Repel Missiles        Chrm/Air       #.....       21%         2    ###....
Z - Regeneration          Chrm/Necr      #.........   38%         3    ####...


Dungeon Overview and Level Annotations

Branches:
Dungeon (15/15)            Temple (1/1) D:6            Lair (6/6) D:11
  Swamp (0/4) Lair:4        Snake (0/4) Lair:2        Slime (0/5) Lair:6
    Orc (0/2) D:12         Vaults (0/5) D:14         Depths (1/5) D:15

Altars:
Ashenzari
Cheibriados
Dithmenos
Elyvilon
Fedhas
Gozag
Hepliaklqana
Kikubaaqudgha
Makhleb
Nemelex Xobeh
Okawaru
Qazlal
Ru
Sif Muna
Trog
Uskayaw
Vehumet
Xom
Yredelemnul
Zin
The Shining One

Shops:
D:11 (*   D:14 *   D:15 :

Annotations:
Lair:3 exclusion: oklob plant


Innate Abilities, Weirdness & Mutations

You have a beak for a mouth.
You have claws for feet.
You can fly continuously.
You evolve.
Your movements are slightly less encumbered by armour. (ER -2)


Message History

You burn the stone giant. You claw the stone giant.
You peck the stone giant, but do no damage.
The stone giant is almost dead.
You slash the stone giant! You burn the stone giant.
You kill the stone giant!
Uskayaw will force your foes to helplessly watch your dance.
Things that are here:
5 large rocks; a stone giant corpse
There is a staircase back to the Dungeon here.
You can't go down here!
You can no longer pass through a line of other dancers.
You fly upwards.
Welcome back to the Dungeon!
There is a staircase to the Depths here.
Items here: !!! //// = ?
Drop what? 42/52 slots (_ for help) (? for menu, Esc to quit)
Okay, then.
Save game and exit?
Welcome back, Iskender the Tengu Wanderer.
Press ? for a list of commands and other information.
Are you sure you want to abandon this character and quit the game? (Confirm with "yes".)

### ....... ...###. .......
...... #.... . #...## #...
. ###### ####....## #..
##.#..###.##.....### ##)
#...).##...#.......########
##.##.#....##..............
#..##.†...@>#..#...........
#...###....##..##..##......
###..###...##..##...###....
##.####.###..###..####...
##...#####....# #.........
#.....# #.....# #.........
#.....###.#...###....###..
##...##..∩.....#...### #..
##.##..#.#.......## ##..


There were no monsters in sight!

Vanquished Creatures
  Frances (D:12)
  3 very ugly things (Abyss:3)
  A stone giant (Depths:1)
  Josephine (D:10)
  Snorg (Lair:4)
  A fire dragon (D:14)
  Harold (Lair:4)
  An ogre mage (D:14)
  A rakshasa (D:14)
  8 hydras
  An ice dragon (Lair:6)
  4 vault guards (D:14)
  2 naga warriors (Abyss:3)
  A catoblepas (Lair:5)
  2 centaur warriors (D:14)
  2 tengu warriors (D:14)
  An alligator (Lair:6)
  Nergalle (D:11)
  A wretched star (Abyss:3)
  2 sixfirhies (Abyss:3)
  A lindwurm (Lair:6)
  3 unseen horrors
  A hill giant (D:10)
  A wizard (D:14)
  A large abomination (Abyss:3)
  A deep elf mage (D:12)
  5 oklob plants (Lair:6)
  7 ugly things
  3 manticores
  20 elephants
  9 black mambas
  A guardian serpent (Abyss:3)
  Joseph (Lair:1)
  7 torpor snails
  2 gargoyles (D:14)
  2 rime drakes
  10 spiny frogs
  7 komodo dragons
  An efreet (D:14)
  A kobold demonologist (D:15)
  2 tengu conjurers (D:14)
  4 trolls
  A troll (shapeshifter) (D:14)
  A jumping spider (shapeshifter) (D:15)
  4 tyrant leeches (Lair:6)
  9 polar bears
  10 hornets
  3 two-headed ogres
  29 blink frogs
  3 hippogriffs
  8 raiju
  A dream sheep (shapeshifter) (D:15)
  5 slime creatures (D:15)
  6 dream sheep (Lair:6)
  A small abomination (Abyss:3)
  7 spriggans
  2 wyverns
  A shadow (D:14)
  4 wraiths
  24 yaks
  2 vampires
  2 hungry ghosts (D:12)
  A basilisk (Lair:4)
  A steam dragon (D:9)
  8 wargs
  Menkaure (D:7)
  A mottled dragon (D:13)
  4 vampire mosquitoes (Lair:4)
  5 water moccasins
  6 hell hounds (Lair:6)
  6 nagas
  6 porcupines
  A hornet zombie (D:13)
  A sky beast (shapeshifter) (D:15)
  4 sky beasts
  14 black bears
  4 orc warriors
  An eye of draining (D:12)
  5 ice beasts
  3 phantoms
  A black bear (shapeshifter) (D:15)
  5 boggarts (D:15)
  3 ogres
  16 centaurs
  10 wolves (Lair:6)
  8 crocodiles
  A big kobold (D:11)
  The ghost of nikitadem the Digger, an amateur GrEE (D:3)
  19 bullfrogs
  4 scorpions
  A wyvern skeleton (D:9)
  13 killer bees
  10 wights
  An electric eel (Lair:3)
  A howler monkey (D:6)
  8 crimson imps
  A bullfrog zombie (D:10)
  2 centaur zombies
  16 hounds
  A quasit (D:8)
  3 jellies
  19 orc wizards
  11 orc priests
  6 centaur skeletons
  4 iguanas
  9 worker ants
  2 hound zombies
  2 hound skeletons
  A worker ant zombie (D:11)
  Robin (D:3)
  5 gnolls
  7 adders
  3 shadow imps
  2 adder skeletons
  4 worms
  5 dart slugs
  5 leopard geckos
  45 orcs
  A ball python (D:3)
  2 giant cockroaches
  14 goblins
  7 hobgoblins
  11 jackals
  5 quokkas
  8 bats
  4 frilled lizards
  A jackal zombie (D:7)
  11 kobolds
  A leopard gecko skeleton (D:5)
  6 rats
  6 plants
654 creatures vanquished.

Vanquished Creatures (collateral kills)
  A basilisk (Lair:1)
  A worm (D:2)
  A goblin (D:3)
3 creatures vanquished.

Vanquished Creatures (others)
  A bush (Lair:6)
  14 fungi
  56 plants
  4 starspawn tentacles (Abyss:3)
75 creatures vanquished.

Grand Total: 732 creatures vanquished

Notes
Turn   | Place    | Note
-------+----------+-------------------------------------------
     0 | D:1      | Iskender the Tengu Wanderer began the quest for the Orb.
     0 | D:1      | Iskender set off with: a book of Minor Magic, a potion of curing, a potion of lignification, a +0 robe, a +0 dagger, a bread ration
     0 | D:1      | Reached XP level 1. HP: 12/12 MP: 4/4
   108 | D:1      | Learned a level 1 spell: Magic Dart
   431 | D:1      | Reached XP level 2. HP: 5/17 MP: 6/6
   490 | D:1      | Learned a level 2 spell: Blink
   493 | D:1      | Learned a level 2 spell: Call Imp
  1152 | D:2      | Reached skill level 1 in Dodging
  1173 | D:2      | Reached XP level 3. HP: 21/21 MP: 7/7
  1648 | D:3      | Noticed Robin
  1873 | D:3      | Reached XP level 4. HP: 16/26 MP: 8/8
  2041 | D:3      | Noticed nikitadem's ghost (amateur GrEE)
  2259 | D:3      | Found a burning altar of Makhleb.
  2274 | D:3      | Noticed a phantom
  2312 | D:3      | Killed a phantom
  2312 | D:3      | Gained mutation: You can fly. [Tengu growth]
  2312 | D:3      | Reached XP level 5. HP: 13/30 MP: 0/9
  2378 | D:3      | Reached XP level 6. HP: 17/35 MP: 3/10
  2583 | D:3      | Killed Robin
  2654 | D:3      | Killed nikitadem's ghost
  2798 | D:3      | Reached skill level 5 in Dodging
  2915 | D:4      | Found a radiant altar of Vehumet.
  2920 | D:4      | Found a white marble altar of Elyvilon.
  3008 | D:4      | Found a glowing golden altar of the Shining One.
  3079 | D:4      | Learned a level 2 spell: Repel Missiles
  3127 | D:4      | Reached XP level 7. HP: 14/40 MP: 11/11
  3739 | D:5      | Entered Level 5 of the Dungeon
  3747 | D:5      | Found a hide-covered altar of Uskayaw.
  3765 | D:5      | Became a worshipper of Uskayaw the Reveler
  3806 | D:5      | Reached * piety under Uskayaw
  3813 | D:5      | Reached ** piety under Uskayaw
  3943 | D:5      | Reached skill level 1 in Invocations
  4432 | D:5      | Reached XP level 8. HP: 44/46 MP: 12/12
  4801 | D:6      | Reached skill level 5 in Stealth
  5340 | D:6      | Found a staircase to the Ecumenical Temple.
  5363 | Temple   | Entered the Ecumenical Temple
  5710 | D:6      | Found a snail-covered altar of Cheibriados.
  6019 | D:7      | Reached skill level 5 in Long Blades
  6031 | D:7      | Got a fine robe
  6043 | D:7      | Identified the +2 robe "Otyjefip" {-Tele rElec rPois Regen+ Dex+4} (You found it on level 7 of the Dungeon)
  6099 | D:7      | Reached XP level 9. HP: 50/50 MP: 13/13
  6203 | D:7      | Reached *** piety under Uskayaw
  6218 | D:7      | Reached **** piety under Uskayaw
  6222 | D:7      | Reached ***** piety under Uskayaw
  6868 | D:7      | Noticed Menkaure
  6875 | D:7      | Killed Menkaure
  7568 | D:8      | Found a glowing golden altar of the Shining One.
  7744 | D:8      | Identified a scroll of acquirement
  7877 | D:8      | Reached skill level 10 in Long Blades
  8037 | D:9      | Reached XP level 10. HP: 49/56 MP: 11/14
  8379 | D:9      | Found a hazy altar of Hepliaklqana.
  9056 | D:10     | Entered Level 10 of the Dungeon
  9079 | D:10     | Noticed a hill giant
  9169 | D:10     | Noticed Josephine
  9182 | D:10     | Reached ****** piety under Uskayaw
  9183 | D:10     | Killed Josephine
  9324 | D:10     | Reached XP level 11. HP: 30/60 MP: 10/15
  9513 | D:10     | Killed a hill giant
  9782 | D:11     | Noticed Nergalle
  9790 | D:11     | Killed Nergalle
  9794 | D:11     | Found Legy's Assorted Antiques.
  9802 | D:11     | Bought a scroll of identify for 66 gold pieces
  9802 | D:11     | Bought a scroll labeled VIANUKYMEI for 33 gold pieces
  9802 | D:11     | Bought a scroll of identify for 66 gold pieces
  9837 | D:11     | Found a sacrificial altar of Ru.
  9941 | D:11     | Found a staircase to the Lair.
  9988 | D:11     | Got an encrusted ring mail
 10018 | D:11     | Identified the +4 ring mail of Xalosiri {MR+ Str+2} (You found it on level 11 of the Dungeon)
 10053 | D:11     | Reached skill level 5 in Invocations
 10454 | D:11     | Killed an unseen horror
 10564 | D:11     | Found Faaman's Antique Weapon Boutique.
 10771 | Lair:1   | Entered Level 1 of the Lair of Beasts
 10909 | Lair:1   | Noticed Joseph
 10914 | Lair:1   | Killed Joseph
 10999 | Lair:1   | Gained mutation: You evolve. [potion of mutation]
 10999 | Lair:1   | Gained mutation: You are agile. (Dex +2) [potion of mutation]
 11582 | Lair:1   | Reached XP level 12. HP: 42/64 MP: 17/19
 12088 | Lair:2   | Got a bloodstained spear
 12117 | Lair:2   | Reached skill level 10 in Invocations
 12192 | Lair:2   | Noticed a seven-headed hydra
 12248 | Lair:2   | Killed a three-headed hydra
 12249 | Lair:2   | Found a staircase to the Snake Pit.
 12370 | Lair:2   | Reached skill level 10 in Dodging
 12753 | Lair:3   | Noticed a seven-headed hydra
 12762 | Lair:3   | Killed a four-headed hydra
 13174 | Lair:3   | Reached XP level 13. HP: 47/68 MP: 21/21
 13938 | Lair:4   | Noticed Harold
 13947 | Lair:4   | Killed Harold
 14000 | Lair:4   | Noticed Snorg
 14009 | Lair:4   | Reached skill level 5 in Fighting
 14027 | Lair:4   | Killed Snorg
 14151 | Lair:4   | Found a staircase to the Swamp.
 14892 | Lair:5   | Found a runed door.
 15058 | Lair:5   | Lost mutation: You are agile. (Dex +2) [evolution]
 15141 | Lair:6   | Entered Level 6 of the Lair of Beasts
 15172 | Lair:6   | Gained mutation: You can fly continuously. [Tengu growth]
 15172 | Lair:6   | Reached XP level 14. HP: 82/86 MP: 15/22
 15268 | Lair:6   | Found a staircase to the Slime Pits.
 15417 | Lair:6   | Reached skill level 10 in Fighting
 15656 | Lair:6   | Reached skill level 1 in Shields
 15666 | Lair:6   | Found a runed door.
 16164 | Lair:6   | Reached skill level 5 in Shields
 16232 | Lair:6   | Gained mutation: Your movements are slightly less encumbered by armour. (ER -2) [evolution]
 17352 | D:12     | Reached XP level 15. HP: 64/93 MP: 16/25
 17550 | D:12     | Found a staircase to the Orcish Mines.
 17551 | D:12     | Noticed Frances
 17636 | D:12     | Found a sparkling altar of Nemelex Xobeh.
 18087 | D:12     | Killed Frances
 18176 | D:13     | Found a glowing golden altar of the Shining One.
 18887 | D:14     | Found Xithrynlu's Assorted Antiques.
 18909 | D:14     | Bought a scroll of identify for 58 gold pieces
 18909 | D:14     | Bought a scroll of identify for 58 gold pieces
 18911 | D:14     | Bought a potion of curing for 87 gold pieces
 18948 | D:14     | Found a gate to the Vaults.
 18990 | D:14     | Cast into level 3 of the Abyss (a wizard)
 19076 | Abyss:3  | Noticed a tentacled starspawn
 19129 | Abyss:3  | Noticed a kraken
 19168 | Abyss:3  | Noticed an ancient lich
 19193 | Abyss:3  | Noticed a tentacled starspawn
 19339 | D:14     | Escaped the Abyss
 19992 | D:15     | Entered Level 15 of the Dungeon
 20000 | D:15     | Found a radiant altar of Vehumet.
 20088 | D:15     | Found Furu Qor's Book Boutique.
 20097 | D:15     | Bought a book of Battle for 400 gold pieces
 20100 | D:15     | Learned a level 2 spell: Shroud of Golubria
 20116 | D:15     | Learned a level 3 spell: Regeneration
 20157 | D:15     | Reached skill level 1 in Charms
 20345 | D:15     | Reached XP level 16. HP: 72/98 MP: 27/27
 20406 | D:15     | Found a staircase to the Depths.
 20447 | Depths:1 | Entered Level 1 of the Depths
 20472 | D:15     | Quit the game

Skill      XL: |  1  2  3  4  5  6  7  8  9 10 11 12 13 14 15 16 |
---------------+-------------------------------------------------+-----
Stealth        | 2 3 4 5 9 |  9.0
Dodging        | 1 2 4 5 6 7 11 13 | 13.5
Fighting       | 3 9 10 | 10.5
Invocations    | 3 8 10 12 14 | 14.3
Long Blades    | 5 10 13 14 | 14.1
Shields        | 5 |  5.8
Charms         | 2 3 |  3.7
Throwing       | |  1.0
Spellcasting   | |  2.0
Summonings     | |  1.2
Evocations     | |  1.0

Action                   |  1- 3 |  4- 6 |  7- 9 | 10-12 | 13-15 | 16-18 || total
-------------------------+-------+-------+-------+-------+-------+-------++-------
Melee: Dagger            |    58 |   127 |   236 |    23 |    39 |       ||   483
       Short sword       |     5 |       |       |       |       |       ||     5
       Kick              |    10 |    29 |    76 |   120 |   410 |    20 ||   665
       Peck              |     4 |    17 |    51 |    70 |   267 |    12 ||   421
       Demon blade       |       |       |    24 |   366 |   987 |    48 ||  1425
       Falchion          |       |       |     5 |       |       |       ||     5
 Fire: Hunting sling     |       |       |     6 |       |       |       ||     6
Throw: Tomahawk          |     7 |     6 |       |    15 |     6 |       ||    34
       Stone             |       |     1 |     1 |       |       |       ||     2
       Javelin           |       |       |       |    21 |     5 |       ||    26
 Cast: Magic Dart        |    15 |     9 |    17 |       |       |       ||    41
       Call Imp          |     2 |     4 |     3 |     3 |     3 |       ||    15
       Repel Missiles    |       |     1 |     1 |     1 |     4 |       ||     7
       Shroud of Golubri |       |       |       |       |     2 |       ||     2
Invok: Stomp             |       |       |     3 |     2 |     5 |       ||    10
       Line Pass         |       |       |     1 |     8 |     7 |       ||    16
       Grand Finale      |       |       |       |     1 |     7 |     2 ||    10
 Abil: Fly               |       |     6 |    19 |    16 |    10 |       ||    51
Evoke: Wand              |       |       |     3 |    14 |     2 |       ||    19
       Lamp of fire      |       |       |       |       |     1 |       ||     1
  Use: Scroll            |     7 |       |     7 |    10 |    15 |       ||    39
       Potion            |       |     3 |     3 |     8 |     7 |       ||    21
 Stab: Sleeping          |     8 |     2 |    10 |    16 |    16 |       ||    52
       Distracted        |       |     1 |     2 |     1 |     5 |       ||     9
       Paralysed         |       |       |     4 |    34 |    58 |     3 ||    99
       Confused          |       |       |     1 |     5 |     5 |       ||    11
  Eat: Chunk             |     4 |     5 |    16 |     8 |     8 |       ||    41
       Fruit             |       |       |     8 |    10 |     7 |       ||    25
       Royal jelly       |       |       |     2 |       |    13 |       ||    15
       Pizza             |       |       |       |     2 |     2 |       ||     4
       Bread ration      |       |       |       |       |     1 |       ||     1
Armor: Robe              |    10 |       |       |       |       |       ||    10
       Leather armour    |       |    16 |    17 |       |       |       ||    33
       Skin              |       |       |     4 |    20 |       |       ||    24
       Steam dragon scal |       |       |       |    37 |    59 |     2 ||    98
Dodge: Dodged            |    24 |    74 |   166 |   244 |   817 |    27 ||  1352
       Deflected         |       |       |     4 |     3 |     9 |       ||    16
Block: Buckler           |       |       |       |       |   174 |     2 ||   176
       Rpst.: Demon blade |       |       |     2 |    63 |   163 |     8 ||   236
       Falchion          |       |       |     1 |       |       |       ||     1
